 Dungeon Crawl Stone Soup version 0.29-a0-416-g83a48905f1 (webtiles) character file.

Game seed: 2254838918948122824

3079 frimble the Magician (level 9, 0/71 HPs)
             Began as a Gnoll Warper on May 17, 2022.
             Was an Elder of Cheibriados.
             Slain by Joseph
             ... wielding a +0 quarterstaff
              (16 damage)
             ... on level 7 of the Dungeon.
             The game lasted 00:13:15 (10200 turns).

frimble the Magician (Gnoll Warper)                Turns: 10200, Time: 00:13:16

Health: 0/71       AC:  7    Str: 21    XL:     9   Next: 89%
Magic:  19/19      EV: 16    Int: 25    God:    Cheibriados [****..]
Gold:   293        SH:  0    Dex: 20    Spells: 11/21 levels left

rFire   . . .      SeeInvis .   h - +4 trident (flame)
rCold   . . .      Faith    .   (no shield)
rNeg    . . .      Spirit   .   a - +0 leather armour
rPois   .          Reflect  .   (no helmet)
rElec   .          Harm     .   (no cloak)
rCorr   +          Rampage  .   (no gloves)
Will    +....                   g - +2 pair of boots
Stlth   +++.......              (no amulet)
HPRegen 0.21/turn               p - ring of willpower
MPRegen 0.16/turn               y - ring of resist corrosion

@: studying Armour, very slow
A: fangs 1, strong nose, distributed training
a: Renounce Religion, Bend Time, Temporal Distortion, Slouch


You were on level 7 of the Dungeon.
You worshipped Cheibriados.
Cheibriados was greatly pleased with you.
You visited 2 branches of the dungeon, and saw 9 of its levels.
You also visited: Sewer and Bailey.

You collected 410 gold pieces.
You spent 117 gold pieces at shops.

Inventory:

Hand Weapons
 h - a +4 trident of flaming (weapon)
 B - a +3 flail of protection
Missiles
 k - 5 javelins
 o - 3 boomerangs (quivered)
Armour
 a - a +0 leather armour (worn)
 g - a +2 pair of boots (worn)
Jewellery
 p - a ring of willpower (left hand)
 y - a ring of resist corrosion (right hand)
 z - a +6 ring of dexterity
Wands
 i - a wand of acid (3)
Scrolls
 b - a scroll of blinking
 j - 2 scrolls of amnesia
 l - 5 scrolls of teleportation
 s - 5 scrolls of enchant armour
 w - a scroll of identify
 A - a scroll of acquirement {unknown}
 C - 2 scrolls of brand weapon
 D - a scroll of summoning
 E - a scroll of enchant weapon
Potions
 c - 3 potions of might
 d - a potion of magic
 e - 5 potions of heal wounds
 f - a potion of flight {unknown}
 m - 5 potions of curing
 n - 4 potions of brilliance {unknown}
 q - a potion of ambrosia
 r - a potion of attraction {unknown}
 t - a potion of invisibility
 u - a potion of mutation
 v - 2 potions of haste
 x - a potion of resistance


   Skills:
 + Level 6.6 Fighting
 + Level 4.6 Short Blades
 + Level 4.6 Long Blades
 + Level 4.6 Axes
 + Level 4.6 Maces & Flails
 + Level 4.6 Polearms
 + Level 4.6 Staves
 + Level 4.6 Slings
 + Level 4.6 Bows
 + Level 4.6 Crossbows
 + Level 5.4 Throwing
 + Level 5.8 Armour
 + Level 6.6 Dodging
 + Level 4.6 Stealth
 + Level 4.6 Shields
 + Level 6.6 Unarmed Combat
 + Level 6.9 Spellcasting
 + Level 3.8 Conjurations
 + Level 3.8 Hexes
 + Level 3.8 Summonings
 + Level 3.8 Necromancy
 + Level 6.7 Translocations
 + Level 3.8 Transmutations
 + Level 3.8 Fire Magic
 + Level 3.8 Ice Magic
 + Level 3.8 Air Magic
 + Level 3.8 Earth Magic
 + Level 3.8 Poison Magic
 + Level 5.1 Invocations
 + Level 4.6 Evocations


You had 11 spell levels left.
You knew the following spells:

 Your Spells              Type           Power      Damage    Failure   Level
a - Blink                 Tloc           84%        N/A       1%          2
b - Gell's Gravitas       Tloc           42%        N/A       1%          3
c - Scorch                Fire           56%        2d8       2%          2
d - Teleport Other        Tloc           42%        N/A       1%          3

Your spell library contained the following spells:

 Spells                   Type           Power      Damage    Failure   Level
 Lesser Beckoning         Tloc           42%        N/A       1%          3
 Manifold Assault         Tloc           42%        N/A       13%         5
 Flame Wave               Conj/Fire      28%        2d8       16%         4
 Summon Cactus Giant      Summ           14%        N/A       94%         6


Dungeon Overview and Level Annotations

Branches:
Dungeon (8/15)             Temple (1/1) D:4           Sewer (visited)
 Bailey (visited)
   Lair: D:8-11

Altars:
Ashenzari
Cheibriados
Dithmenos
Elyvilon
Fedhas
Gozag
Kikubaaqudgha
Makhleb
Nemelex Xobeh
Okawaru
Qazlal
Ru
Sif Muna
Trog
Uskayaw
Vehumet
Wu Jian
Xom
Yredelemnul
Zin
The Shining One

Shops:
D:6 !

Annotations:
D:7 Joseph
D:8 1 runed translucent door


Innate Abilities, Weirdness & Mutations

You have very sharp teeth.
Your uncanny sense of smell can sniff out nearby items.
Your experience applies equally to all skills.


Message History

Joseph shoots a sling bullet.
The sling bullet misses you.
Joseph shoots a sling bullet.
The sling bullet misses you.
Joseph unwields a +0 hunting sling.
Joseph wields a +0 quarterstaff.
Joseph hits you with a +0 quarterstaff.
You barely miss Joseph. You bite Joseph.
Joseph is lightly wounded.
You hit Joseph. You burn Joseph.
Joseph is lightly wounded.
Joseph hits you with a +0 quarterstaff!!
You are too injured to fight recklessly!
You are too injured to fight recklessly!
You are too injured to fight recklessly!
You are too injured to fight recklessly!
You are too injured to fight recklessly!
You are too injured to fight recklessly!
You are too injured to fight recklessly!
You are too injured to fight recklessly!
You are too injured to fight recklessly!
You are too injured to fight recklessly!
You are too injured to fight recklessly!
You are too injured to fight recklessly!
You are too injured to fight recklessly!
You are too injured to fight recklessly!
You are too injured to fight recklessly!
You are too injured to fight recklessly!
You are too injured to fight recklessly!
You puncture Joseph! You burn Joseph.
Joseph is moderately wounded.
Joseph hits you with a +0 quarterstaff.
You hit Joseph but do no damage. Your bite misses Joseph.
Joseph is moderately wounded.
Joseph hits you with a +0 quarterstaff.
You puncture Joseph! You burn Joseph.
Joseph is heavily wounded.
Joseph hits you with a +0 quarterstaff! x2
* * * LOW HITPOINT WARNING * * *
You hit Joseph. You burn Joseph.
Joseph is severely wounded.
Joseph hits you with a +0 quarterstaff!
You die...

..#...# #.................##.#
..#.#.####.###................#
###........# #.#.#######.######
# ###.####.#*#.#.# #.# #####.#
#.....#.#######.# ......#
#######...>.....# #######
#.######### ####.## #...@.#
*********#.##@.#
*,,,,,∆,*#,*#..#************ *
*,*****,**,*#...,,,,,,,,,,,* *
*,**,,,,,,,,.....*********,* *
*,,,,,,,**,*.....# *,* *
*,**,**,**,,....## *,* *
*,,,,,,,**,#...## *,* *
*<**,**,**,,,,,* ****,***


You could see Joseph.

Vanquished Creatures
  A hornet (D:8)
  Edmund (D:5)
  2 orc warriors (Bailey)
  2 ice beasts
  2 sky beasts (D:7)
  2 centaurs
  An ogre (D:5)
  A phantom (D:7)
  6 bullfrogs
  A necrophage (D:6)
  7 scorpions
  4 howler monkeys (D:7)
  A jelly (D:5)
  6 hounds
  A gnoll shaman (D:6)
  3 orc wizards
  2 iguanas (D:7)
  5 gnolls (D:6)
  18 adders
  6 river rats (Sewer)
  2 shadow imps
  An ufetubus (D:5)
  2 worms
  4 dart slugs (D:1)
  40 orcs
  A bat (D:3)
  3 endoplasms
  6 giant cockroaches
  11 goblins
  10 hobgoblins
  2 jackals (D:4)
  2 quokkas
  15 ball pythons
  3 frilled lizards
  A goblin skeleton (D:8)
  8 kobolds
  2 kobold zombies (D:8)
  23 rats
208 creatures vanquished.

Vanquished Creatures (collateral kills)
  A centaur (Bailey)
1 creature vanquished.

Vanquished Creatures (others)
  An orc (Bailey)
1 creature vanquished.

Grand Total: 210 creatures vanquished

Notes
Turn   | Place    | Note
-------+----------+-------------------------------------------
     0 | D:1      | frimble the Gnoll Warper began the quest for the Orb.
     0 | D:1      | Reached XP level 1. HP: 20/20 MP: 6/6
   112 | D:1      | Reached XP level 2. HP: 20/26 MP: 7/7
   115 | D:1      | Learned a level 2 spell: Blink
   814 | D:1      | Reached XP level 3. HP: 31/31 MP: 9/9
   827 | D:1      | Found a faded altar of an unknown god.
   956 | D:1      | Reached skill level 5 in Spellcasting
  1160 | D:2      | Learned a level 3 spell: Gell's Gravitas
  1257 | D:2      | Reached skill level 1 in Invocations
  1816 | D:2      | Reached skill level 1 in Short Blades
  1816 | D:2      | Reached skill level 1 in Long Blades
  1816 | D:2      | Reached skill level 1 in Axes
  1816 | D:2      | Reached skill level 1 in Maces & Flails
  1816 | D:2      | Reached skill level 1 in Polearms
  1816 | D:2      | Reached skill level 1 in Staves
  1816 | D:2      | Reached skill level 1 in Slings
  1816 | D:2      | Reached skill level 1 in Bows
  1816 | D:2      | Reached skill level 1 in Crossbows
  1816 | D:2      | Reached skill level 1 in Stealth
  1816 | D:2      | Reached skill level 1 in Shields
  1816 | D:2      | Reached skill level 1 in Evocations
  1816 | D:2      | Reached XP level 4. HP: 19/38 MP: 6/11
  2516 | D:3      | Reached skill level 1 in Conjurations
  2516 | D:3      | Reached skill level 1 in Hexes
  2516 | D:3      | Reached skill level 1 in Summonings
  2516 | D:3      | Reached skill level 1 in Necromancy
  2516 | D:3      | Reached skill level 1 in Transmutations
  2516 | D:3      | Reached skill level 1 in Fire Magic
  2516 | D:3      | Reached skill level 1 in Ice Magic
  2516 | D:3      | Reached skill level 1 in Air Magic
  2516 | D:3      | Reached skill level 1 in Earth Magic
  2516 | D:3      | Reached skill level 1 in Poison Magic
  2632 | D:3      | Reached XP level 5. HP: 36/43 MP: 12/12
  2714 | D:3      | Found a stormy altar of Qazlal.
  2715 | D:3      | Noticed a fire elemental
  2719 | D:3      | Noticed a water elemental
  2728 | D:3      | Identified the +0 pair of boots of the Baleful God {Rampage
                  | Str+3 Dex+6 Slay-2}
  2909 | D:3      | Found a glowing drain.
  2952 | Sewer    | Entered a sewer
  3494 | Sewer    | Reached XP level 6. HP: 45/50 MP: 13/13
  3697 | Sewer    | Reached skill level 5 in Fighting
  3697 | Sewer    | Reached skill level 5 in Dodging
  3697 | Sewer    | Reached skill level 5 in Unarmed Combat
  3962 | D:3      | Noticed an air elemental
  4228 | D:3      | Reached XP level 7. HP: 56/56 MP: 15/15
  4565 | D:4      | Found a staircase to the Ecumenical Temple.
  4585 | Temple   | Entered the Ecumenical Temple
  4701 | Temple   | Became a worshipper of Cheibriados the Contemplative
  5206 | D:5      | Entered Level 5 of the Dungeon
  5213 | D:5      | Learned a level 2 spell: Scorch
  5504 | D:5      | Reached * piety under Cheibriados
  5771 | D:5      | Reached XP level 8. HP: 35/63 MP: 0/16
  5948 | D:5      | Noticed Edmund
  6462 | D:5      | Killed Edmund
  7048 | D:5      | Found an ornate altar of the Wu Jian Council.
  7317 | D:6      | Found Poucyceh's Distillery.
  7332 | D:6      | Reached ** piety under Cheibriados
  7558 | D:6      | Bought a potion of heal wounds for 65 gold pieces
  7558 | D:6      | Bought a potion of curing for 39 gold pieces
  7558 | D:6      | Bought a potion of degeneration for 13 gold pieces
  7576 | D:6      | You fall into a shaft and drop 2 floors!
  7579 | D:8      | Found a runed translucent door.
  7587 | D:8      | Found a basalt altar of Yredelemnul.
  7618 | D:8      | Noticed a hornet
  7623 | D:8      | Paralysed by a hornet for 3 turns
  7629 | D:8      | Killed a hornet
  7630 | D:8      | Reached XP level 9. HP: 24/69 MP: 12/18
  7688 | D:7      | Found a flagged portal.
  7810 | Bailey   | Entered a bailey
  7945 | Bailey   | Learned a level 3 spell: Teleport Other
  8705 | Bailey   | Reached *** piety under Cheibriados
  9190 | D:7      | Reached skill level 5 in Armour
  9194 | D:7      | Reached skill level 5 in Throwing
  9896 | D:7      | Found a glowing silver altar of Zin.
  9912 | D:7      | Reached **** piety under Cheibriados
  9913 | D:7      | Reached skill level 5 in Invocations
 10189 | D:7      | Noticed Joseph
 10200 | D:7      | Slain by Joseph

Illustrated notes

Levels and vault maps discovered:
D:1:      dpeg_arrival_long_road, layout_loops_ring,
          hellmonk_ecumenical_altar_heavens_door, minmay_misc_feat_more_columns,
          serial_bayou_crossing
D:2:      layout_basic, dk_noncrumbling_4
D:3:      layout_basic, nicolae_qazlal_style_of_elements, gup_sewer_entry_glass
D:4:      kennysheep_big_flooded_room, layout_basic,
          minmay_temple_entry_large_hall
D:5:      layout_basic, mainiacjoe_overflow_alcove_1, uniq_edmund
D:6:      layout_rooms, serial_shops, shop, chequers_serial_rivers_small_3,
          uniq_pikel, uniq_prince_ribbit1, uniq_eustachio
D:7:      layout_loops_corners, old_standard_altar, enter_bailey_3,
          kennysheep_path_1, minmay_quadrilaterals, uniq_joseph
D:8:      layout_basic, dk_yredelemnul_ordeal, kennysheep_small_square,
          uniq_gastronok
Temple:   minmay_temple_bridge_d

Skill      XL: |  1  2  3  4  5  6  7  8  9 |
---------------+----------------------------+-----
Spellcasting   | 5 6 |  6.9
Invocations    | 1 2 3 4 5 |  5.1
Short Blades   | 1 2 3 4 |  4.6
Long Blades    | 1 2 3 4 |  4.6
Axes           | 1 2 3 4 |  4.6
Maces & Flails | 1 2 3 4 |  4.6
Polearms       | 1 2 3 4 |  4.6
Staves         | 1 2 3 4 |  4.6
Slings         | 1 2 3 4 |  4.6
Bows           | 1 2 3 4 |  4.6
Crossbows      | 1 2 3 4 |  4.6
Stealth        | 1 2 3 4 |  4.6
Shields        | 1 2 3 4 |  4.6
Evocations     | 1 2 3 4 |  4.6
Conjurations   | 1 2 3 |  3.8
Hexes          | 1 2 3 |  3.8
Summonings     | 1 2 3 |  3.8
Necromancy     | 1 2 3 |  3.8
Transmutations | 1 2 3 |  3.8
Fire Magic     | 1 2 3 |  3.8
Ice Magic      | 1 2 3 |  3.8
Air Magic      | 1 2 3 |  3.8
Earth Magic    | 1 2 3 |  3.8
Poison Magic   | 1 2 3 |  3.8
Throwing       | 3 4 5 |  5.4
Armour         | 3 4 5 |  5.8
Fighting       | 5 6 |  6.6
Dodging        | 5 6 |  6.6
Unarmed Combat | 5 6 |  6.6
Translocations | 6 |  6.7

Action                   |  1- 3 |  4- 6 |  7- 9 || total
-------------------------+-------+-------+-------++-------
Melee: Unarmed           |   122 |   221 |   109 ||   452
       Bite              |    10 |    16 |    33 ||    59
       Punch             |     3 |     4 |     4 ||    11
       Flail             |       |       |    46 ||    46
       Trident           |       |       |   151 ||   151
Throw: Boomerang         |     7 |       |    24 ||    31
       Dart              |     5 |     2 |     3 ||    10
 Cast: Blink             |     3 |     2 |     9 ||    14
       Gell's Gravitas   |       |     5 |     5 ||    10
       Scorch            |       |       |    67 ||    67
       Teleport Other    |       |       |     7 ||     7
Evoke: Wand              |       |    10 |    28 ||    38
  Use: Scroll            |     1 |    11 |    10 ||    22
       Potion            |       |       |     1 ||     1
 Stab: Sleeping          |       |     1 |     6 ||     7
       Distracted        |       |       |     3 ||     3
Armor: Leather armour    |    32 |    92 |   131 ||   255
Dodge: Dodged            |    79 |   194 |   321 ||   594

Table legend: (Time is in decaauts)
 A = Elapsed time spent in this place.
 B = Non-inter-level travel time spent in this place.
 C = Inter-level travel time spent in this place.
 D = Time resting spent in this place.
 E = Time spent auto-exploring this place.
 F = Levels seen in this place.
 G = Mean time per level.
                   A        B        C        D        E       F      G
               +--------+--------+--------+--------+--------+-----+--------+
         Total |  11254 |  10956 |    298 |    862 |   8031 |  11 | 1023.1 |
       Dungeon |   8519 |   8343 |    176 |    142 |   6771 |   8 | 1064.9 |
        Temple |    211 |     89 |    122 |      0 |     79 |   1 |  211.0 |
         Sewer |   1008 |   1008 |      0 |    238 |    537 |   1 | 1008.0 |
        Bailey |   1514 |   1514 |      0 |    482 |    643 |   1 | 1514.0 |
               +--------+--------+--------+--------+--------+-----+--------+

Top non-repeatable levels by time:
     D:5: 2115 daAuts
     D:7: 1576 daAuts
  Bailey: 1514 daAuts
     D:2: 1317 daAuts
     D:1: 1161 daAuts
   Sewer: 1008 daAuts
     D:4: 957 daAuts
     D:3: 926 daAuts
     D:6: 383 daAuts
  Temple: 211 daAuts
     D:8: 82 daAuts
